 Dungeon Crawl Stone Soup version bcrawl-1.19.2-6-g6a88ae04c9 (webtiles) character file.

Game seed: 11968562286433916956

22561 Mrkan the Basher (level 12, 0/110 HPs)
             Began as a Minotaur Fighter on Jan 6, 2020.
             Was a High Priest of Nemelex Xobeh.
             Slain by Rupert
             ... wielding a +1 great sword of slicing
              (25 damage)
             ... on level 3 of the Lair of Beasts.
             The game lasted 00:18:15 (13860 turns).

Mrkan the Basher (Minotaur Fighter)                Turns: 13860, Time: 00:18:16

Health: 0/110      AC: 17    Str: 22    XL:     12   Next: 64%
Magic:  17/17      EV:  4    Int:  5    God:    Nemelex Xobeh [*****.]
Gold:   774        SH: 18    Dex: 14    Spells: 11/11 levels left

rFire    + . .     SeeInvis .   n - +1 whip (venom)
rCold    . . .     Gourm    .   x - +0 large shield
rNeg     . . .     Faith    .   s - +1 plate armour
rPois    .         Spirit   .   (helmet restricted)
rElec    .         Reflect  .   (no cloak)
rCorr    .         Harm     .   (no gloves)
MR       .....                  (no boots)
Stlth    ..........             e - amulet of the acrobat
HPRegen  0.28/turn              B - +1 ring of protection
MPRegen  0.15/turn              D - ring of protection from fire

@: no status effects
A: retaliatory headbutt, horns 2
a: Draw Escape, Draw Destruction, Draw Summoning, Triple Draw, Deal Four, Stack
Five, Renounce Religion


You were on level 3 of the Lair of Beasts.
You worshipped Nemelex Xobeh.
Nemelex Xobeh was extremely pleased with you.
You were near starving.

You visited 2 branches of the dungeon, and saw 12 of its levels.

You collected 774 gold pieces.

Inventory:

Hand Weapons
 n - a +1 whip of venom (weapon)
Missiles
 a - 2 throwing nets (quivered) {!f}
Armour
 s - a +1 plate armour (worn)
 x - a +0 large shield (worn)
 z - the +3 hat of Pondering {ponderous, MR+ MP+10 Int+5}
   (You took it off Gastronok on level 9 of the Dungeon)

   It affects your intelligence (+5).
   It affects your resistance to hostile enchantments.
   It affects your magic capacity (+10).
Jewellery
 e - an amulet of the acrobat (around neck)
 B - a +1 ring of protection (left hand)
 D - a ring of protection from fire (right hand)
 F - an uncursed ring of resist corrosion {unknown}
Wands
 g - a wand of disintegration (30)
 y - a wand of paralysis (17)
 C - a wand of random effects (6)
Scrolls
 b - 2 scrolls of enchant weapon
 c - a scroll of silence {unknown}
 i - a scroll of identify
 k - 5 scrolls of remove curse
 m - 2 scrolls of magic mapping
 p - 5 scrolls of teleportation
 q - 3 scrolls of blinking
 r - a scroll of immolation
 t - a scroll of fog
 u - 2 scrolls of fear
 v - a scroll of amnesia
Potions
 d - 4 potions of might
 h - 3 potions of invisibility
 j - a potion of lignification
 l - 3 potions of haste
 o - 2 potions of agility
 w - 5 potions of curing
 A - a potion of heal wounds
 E - a potion of brilliance
 G - a potion of magic {unknown}
 H - a potion of flight {unknown}
Comestibles
 f - 11 rations {!d}


   Skills:
 + Level 11.1 Fighting
 * Level 14.5 Maces & Flails
 + Level 11.0 Armour
 + Level 11.0 Shields
 + Level 8.6 Invocations


You had 11 spell levels left.
You didn't know any spells.
Your spell library contained the following spells:

 Spells                   Type           Power        Failure   Level  Hunger
 Apportation              Tloc           #.....       100%        1    ##.....
 Sandblast                Erth           #.....       100%        1    ##.....
 Summon Butterflies       Summ           #.......     100%        1    ##.....
 Passwall                 Tmut/Erth      #.......     100%        2    ###....
 Beckoning                Tloc           #.........   100%        3    ####...
 Stone Arrow              Conj/Erth      #.....       100%        3    ####...
 Tukima's Dance           Hex            #.......     100%        3    ####...
 Petrify                  Tmut/Erth      #.......     100%        4    #####..
 Lee's Rapid Deconstruct  Erth           #.........   100%        5    ######.
 Invisibility             Hex            #.......     100%        6    #######


Dungeon Overview and Level Annotations

Branches:
Dungeon (9/12)             Temple (0/1) D:7            Lair (3/6) D:9
  Swamp (0/3) Lair:2
  Snake: Lair:2-4    Spider: Lair:2-4       Orc: D:8-11

Altars:
Cheibriados
Dithmenos
Gozag
Hepliaklqana
Lugonu
Nemelex Xobeh
Qazlal
Yredelemnul
Zin

Shops:
D:7 :

Annotations:
D:9 3 runed translucent doors, Jessica; flt's ghost, journeyman FoAc
Lair:3 Rupert


Innate Abilities, Weirdness & Mutations

You reflexively headbutt those who attack you in melee.
You have a pair of horns on your head.


Message History

Rupert is severely wounded.
You hit Rupert. You headbutt Rupert.
Rupert is almost dead.
You block Rupert's attack.
You hit Rupert but do no damage. Your headbutt misses Rupert.
Rupert is almost dead.
Rupert hits you with a +1 great sword of slicing.
You hit Rupert.
Rupert is almost dead.
You hit Rupert but do no damage.
Rupert looks more poisoned.
You headbutt Rupert, but do no damage.
Rupert is almost dead.
Rupert hits you with a +1 great sword of slicing!!
* * * LOW HITPOINT WARNING * * *
x2 You hit Rupert.
Rupert looks more poisoned.
You headbutt Rupert, but do no damage.
Rupert is almost dead.
Rupert hits you with a +1 great sword of slicing!!
You die...
Your body glows with a rainbow of weird colours and disappears.

#........#####..##..#.#
#.........# ####...#
####.#+#..# #.#...##
#.##.#### ##..###
##..ยง..# #..##
###.+.#### # #.######
#.......# #.#...##.#
+.......## #.......#
#......@@# ##......##
#..........# #........###
#........#....#.<.....#..
#.............+......#...
##.........##........P.##
##.P.#+#######......PP##
####. #.#P..#### # ###...
#....


You could see Rupert (berserk).

Vanquished Creatures
  Gastronok (D:9)
  A hydra (Lair:1)
  Harold (D:8)
  Erica (D:9)
  Pikel (D:4)
  An elephant (D:9)
  Joseph (D:8)
  A black mamba (Lair:1)
  4 torpor snails (Lair:2)
  4 cane toads
  A rime drake (Lair:2)
  3 komodo dragons (Lair:2)
  4 polar bears (Lair:1)
  3 blink frogs (Lair:2)
  A bog body (Lair:2)
  4 hippogriffs
  2 wyverns
  23 yaks
  2 basilisks (D:9)
  A steam dragon (D:9)
  A hungry ghost (D:9)
  5 crocodiles
  An acid dragon (D:9)
  Duvessa (D:4)
  2 orc warriors (D:9)
  3 water moccasins (Lair:2)
  10 porcupines
  5 black bears (Lair:1)
  4 ice beasts
  6 ogres
  4 centaurs
  10 bullfrogs
  A big kobold (D:8)
  A gnoll sergeant (D:8)
  Dowan (D:4)
  9 killer bees (D:9)
  3 crimson imps
  A bullfrog zombie (D:5)
  A centaur skeleton (D:2)
  2 orc priests
  A bullfrog skeleton (D:4)
  5 iguanas
  5 orc wizards
  6 worker ants
  2 hound skeletons
  A howler monkey zombie (D:8)
  9 gnolls
  3 adders
  8 shadow imps
  An adder skeleton (D:6)
  An adder zombie (D:8)
  3 worms
  4 dart slugs
  3 leopard geckos
  28 orcs
  3 ball pythons
  2 giant cockroaches
  4 goblins
  7 hobgoblins
  8 jackals
  13 kobolds
  6 quokkas
  7 bats
  2 frilled lizards
  3 rats
  A fungus (Lair:2)
  2 plants
269 creatures vanquished.

Vanquished Creatures (others)
  A bog body (Lair:2)
  A fungus (Lair:2)
2 creatures vanquished.

Grand Total: 271 creatures vanquished

Notes
Turn   | Place    | Note
-------+----------+-------------------------------------------
     0 | D:1      | Mrkan the Minotaur Fighter began the quest for the Orb.
     0 | D:1      | Reached XP level 1. HP: 19/19 MP: 0/0
   266 | D:1      | Reached XP level 2. HP: 25/27 MP: 1/1
   498 | D:1      | Reached skill level 3 in Maces & Flails
   805 | D:2      | Reached XP level 3. HP: 13/33 MP: 2/2
   994 | D:2      | Found a sparkling altar of Nemelex Xobeh.
  1003 | D:2      | Became a worshipper of Nemelex Xobeh the Trickster
  1057 | D:2      | Received a gift from Nemelex Xobeh
  1060 | D:2      | Reached XP level 4. HP: 40/40 MP: 3/3
  1595 | D:3      | Reached skill level 4 in Maces & Flails
  1859 | D:3      | Reached XP level 5. HP: 47/47 MP: 4/4
  2256 | D:3      | Reached * piety under Nemelex Xobeh
  2350 | D:3      | Received a gift from Nemelex Xobeh
  2440 | D:4      | Noticed an ogre
  2453 | D:4      | Killed an ogre
  2453 | D:4      | Reached skill level 1 in Invocations
  2466 | D:4      | Reached skill level 5 in Maces & Flails
  2466 | D:4      | Reached XP level 6. HP: 17/53 MP: 6/6
  2812 | D:4      | Noticed Dowan
  2823 | D:4      | Killed Dowan
  2967 | D:4      | Noticed Duvessa
  2973 | D:4      | Killed Duvessa
  2973 | D:4      | Reached skill level 5 in Fighting
  2973 | D:4      | Reached skill level 5 in Armour
  2973 | D:4      | Reached skill level 5 in Shields
  3199 | D:4      | Noticed a slave
  3200 | D:4      | Noticed Pikel
  3200 | D:4      | Noticed a slave
  3201 | D:4      | Noticed a slave
  3201 | D:4      | Noticed a slave
  3225 | D:4      | Killed Pikel
  3225 | D:4      | Reached skill level 6 in Maces & Flails
  3225 | D:4      | Reached XP level 7. HP: 56/62 MP: 6/8
  3390 | D:5      | Entered Level 5 of the Dungeon
  3394 | D:5      | Reached skill level 7 in Maces & Flails
  3394 | D:5      | Reached XP level 8. HP: 69/70 MP: 9/9
  3758 | D:5      | Reached ** piety under Nemelex Xobeh
  3881 | D:5      | Got an ancient ring mail
  3993 | D:6      | Reached skill level 8 in Maces & Flails
  4315 | D:6      | Found a basalt altar of Yredelemnul.
  4315 | D:6      | Found a hazy altar of Hepliaklqana.
  4349 | D:6      | Found an opulent altar of Gozag.
  4399 | D:6      | Received a gift from Nemelex Xobeh
  4478 | D:6      | Reached XP level 9. HP: 68/78 MP: 11/11
  4642 | D:6      | Received a gift from Nemelex Xobeh
  4716 | D:6      | Reached *** piety under Nemelex Xobeh
  5032 | D:7      | Received a gift from Nemelex Xobeh
  5035 | D:7      | Found a glowing silver altar of Zin.
  5615 | D:7      | Found a corrupted altar of Lugonu.
  5632 | D:7      | Found Ydetas's Book Shop.
  5708 | D:7      | Received a gift from Nemelex Xobeh
  5794 | D:7      | Reached **** piety under Nemelex Xobeh
  5801 | D:7      | Found a staircase to the Ecumenical Temple.
  6235 | D:8      | Noticed Joseph
  6247 | D:8      | Killed Joseph
  6247 | D:8      | Reached skill level 9 in Maces & Flails
  6649 | D:8      | Received a gift from Nemelex Xobeh
  6679 | D:8      | Noticed Harold
  6708 | D:8      | Reached skill level 5 in Invocations
  6736 | D:8      | Killed Harold
  6736 | D:8      | Reached skill level 10 in Maces & Flails
  7062 | D:8      | Found a shadowy altar of Dithmenos.
  7336 | D:9      | Found a stormy altar of Qazlal.
  7336 | D:9      | Noticed Gastronok
  7354 | D:9      | Killed Gastronok
  7354 | D:9      | Reached skill level 11 in Maces & Flails
  7354 | D:9      | Reached XP level 10. HP: 21/91 MP: 13/13
  7958 | D:9      | Reached XP level 11. HP: 97/97 MP: 14/14
  8032 | D:9      | Reached skill level 12 in Maces & Flails
  8567 | D:9      | Received a gift from Nemelex Xobeh
  8584 | D:9      | Found a staircase to the Lair.
  8891 | D:9      | Noticed Jessica
  8997 | D:9      | Noticed Erica
  9006 | D:9      | Killed Erica
  9072 | D:9      | Found a runed translucent gate.
  9072 | D:9      | Found a runed translucent gate.
  9072 | D:9      | Found a runed translucent gate.
  9072 | D:9      | Noticed flt's ghost (journeyman FoAc)
  9202 | Lair:1   | Entered Level 1 of the Lair of Beasts
  9451 | Lair:1   | Received a gift from Nemelex Xobeh
  9536 | Lair:1   | Reached skill level 10 in Fighting
  9623 | Lair:1   | Found a frozen archway.
  9675 | Lair:1   | Reached skill level 13 in Maces & Flails
  9696 | Lair:1   | Reached skill level 10 in Shields
 10096 | Lair:1   | Reached skill level 10 in Armour
 10359 | Lair:1   | Received a gift from Nemelex Xobeh
 10472 | Lair:1   | Reached ***** piety under Nemelex Xobeh
 11040 | Lair:1   | Received a gift from Nemelex Xobeh
 11180 | Lair:1   | Noticed a seven-headed hydra
 11187 | Lair:1   | Killed a seven-headed hydra
 11187 | Lair:1   | Reached XP level 12. HP: 86/107 MP: 16/16
 11955 | Lair:2   | Found a staircase to the Swamp.
 12208 | Lair:2   | Reached skill level 14 in Maces & Flails
 13222 | Lair:2   | Found a snail-covered altar of Cheibriados.
 13833 | Lair:3   | Noticed Rupert
 13835 | Lair:3   | Paralysed by Rupert for 4 turns
 13840 | Lair:3   | Paralysed by Rupert for 4 turns
 13860 | Lair:3   | Slain by Rupert

Skill      XL: |  1  2  3  4  5  6  7  8  9 10 11 12 |
---------------+-------------------------------------+-----
Maces & Flails | 3 4 5 6 7 8 11 13 14 | 14.5
Armour         | 4 5 6 8 9 10 11 | 11.0
Shields        | 4 5 6 8 9 10 11 | 11.0
Fighting       | 4 5 6 9 10 11 | 11.1
Invocations    | 1 2 3 4 6 7 8 |  8.6

Action                   |  1- 3 |  4- 6 |  7- 9 | 10-12 || total
-------------------------+-------+-------+-------+-------++-------
Melee: Flail             |    67 |     9 |       |       ||    76
       Headbutt          |    10 |    32 |    76 |   231 ||   349
       Whip              |       |   155 |   334 |   807 ||  1296
 Abil: Draw Destruction  |       |       |     5 |    11 ||    16
       Draw Escape       |       |       |       |     1 ||     1
  Use: Potion            |       |     1 |     2 |     1 ||     4
       Scroll            |       |       |    15 |     3 ||    18
  Eat: Chunk             |     1 |     6 |    11 |    21 ||    39
       Ration            |       |       |     1 |       ||     1
Armor: Scale mail        |    51 |    23 |       |       ||    74
       Plate armour      |       |    21 |   117 |   317 ||   455
Dodge: Dodged            |    41 |    23 |    57 |   158 ||   279
Block: Shield            |    61 |    72 |   154 |   238 ||   525
       Large shield      |       |       |       |   192 ||   192
